 Dungeon Crawl Stone Soup version 0.32-a0-999-gfa1cc04b1d (webtiles) character file.

Game seed: 7725521852156614657

68156 Aldia the Basher (level 15, 0/125 HPs)
             Began as a Gnoll Reaver on Apr 22, 2024.
             Was the Champion of Ashenzari.
             Slain by an orc knight
             ... wielding a +3 battleaxe
              (28 damage)
             ... on level 2 of the Orcish Mines on Apr 24, 2024.
             The game lasted 00:48:52 (17737 turns).

Aldia the Basher (Gnoll Reaver)                    Turns: 17737, Time: 00:48:52

Health: 0/125      AC: 28    Str: 16    XL:     15   Next: 25%
Magic:  1/32       EV: 21    Int: 22    God:    Ashenzari [******]
Gold:   1810       SH:  0    Dex: 13    Spells: 6/41 levels left

rFire   + + .        l - +8 pair of quick blades "Gyre" and "Gimble" {protect, Fort, Melee} (curse)
rCold   + + .        (shield currently unavailable)
rNeg    . . .        G - +4 ring mail of Ashenzari's Failure {Dev, Fort} (curse)
rPois   +            f - +1 helmet of Ashenzari's Pleiades {Elem, Range} (curse)
rElec   .            k - +1 cloak "Shackled With Me" {Fort, Sorc} (curse)
rCorr   .            e - +0 pair of gloves of the Restrained Ordeal {Comp, Cun} (curse)
SInv    +            L - +0 pair of boots of the Eye in the Sky {Self, Fort} (curse)
Will    +....        i - amulet "Atheism of Ashenzari" {Regen+, Cun, Fort} (curse)
Stlth   ++++++       a - ring "Chained Stickiness" {rPois rF++ Int+6 Slay-2 Stlth+, Comp, Melee} (curse)
HPRegen 1.20/turn    o - ring "Clairvoyant Mistrust" {rC++ EV+5 Str+5 Dex-2, Elem, Melee} (curse)
MPRegen 0.23/turn

%: clarity
@: about to teleport, under a protective aura, very slightly contaminated
A: fangs 1, strong nose, distributed training
a: Renounce Religion, Shatter the Chains


You were on level 2 of the Orcish Mines.
You worshipped Ashenzari.
Ashenzari was exalted by your worship.
You visited 4 branches of the dungeon, and saw 20 of its levels.
You also visited: Gauntlet and Ice Cave.

You collected 1942 gold pieces.
You spent 132 gold pieces at shops.

Inventory:

Hand Weapons
 l - the cursed +8 pair of quick blades "Gyre" and "Gimble" (weapon) {protect, Fort, Melee}
   (You found it on level 4 of the Dungeon)

   It has a curse which improves the following skills: Fortitude: Armour and
   Shields.
   Melee Combat: Short Blades, Long Blades, Axes, Maces & Flails, Polearms,
   Staves and Unarmed Combat.
 Q - a +7 demon trident of freezing
Missiles
 C - 2 throwing nets
 X - 12 curare-tipped darts
 Y - 4 silver javelins
Armour
 e - the cursed +0 pair of gloves of the Restrained Ordeal (worn) {Comp, Cun}
   (You found it on level 1 of the Dungeon)

   It has a curse which improves the following skills: Companions: Summonings
   and Necromancy.
   Cunning:   Dodging and Stealth.
 f - the cursed +1 helmet of Ashenzari's Pleiades (worn) {Elem, Range}
   (You found it on level 1 of the Dungeon)

   It has a curse which improves the following skills: Elements: Fire Magic, Ice
   Magic, Air Magic and Earth Magic.
   Ranged Combat: Ranged Weapons and Throwing.
 k - the cursed +1 cloak "Shackled With Me" (worn) {Fort, Sorc}
   (You took it off Maurice on level 1 of the Orcish Mines)

   It has a curse which improves the following skills: Fortitude: Armour and
   Shields.
   Sorcery:   Conjurations and Alchemy.
 G - the cursed +4 ring mail of Ashenzari's Failure (worn) {Dev, Fort}
   (You took it off an orc on level 8 of the Dungeon)

   It has a curse which improves the following skills: Devices: Evocations and
   Shapeshifting.
   Fortitude: Armour and Shields.
 L - the cursed +0 pair of boots of the Eye in the Sky (worn) {Self, Fort}
   (You found it on level 5 of the Dungeon)

   It has a curse which improves the following skills: Introspection: Fighting
   and Spellcasting.
   Fortitude: Armour and Shields.
 M - +0 acid dragon scales
Jewellery
 a - the cursed ring "Chained Stickiness" (left hand) {rPois rF++ Int+6 Slay-2 Stlth+, Comp, Melee}
   (You acquired it on level 7 of the Dungeon)

   [ring of intelligence]

   Int+6:     It affects your intelligence (+6).
   Slay-2:    It affects your accuracy & damage with ranged weapons and melee
   (-2).
   rF++:      It greatly protects you from fire.
   rPois:     It protects you from poison.
   Stlth+:    It makes you more stealthy.
   It has a curse which improves the following skills: Companions: Summonings
   and Necromancy.
   Melee Combat: Short Blades, Long Blades, Axes, Maces & Flails, Polearms,
   Staves and Unarmed Combat.
 i - the cursed amulet "Atheism of Ashenzari" (around neck) {Regen+, Cun, Fort}
   (You found it on level 1 of the Dungeon)

   [amulet of regeneration]

   Regen+:    It increases your rate of health regeneration.
   It has a curse which improves the following skills: Cunning: Dodging and
   Stealth.
   Fortitude: Armour and Shields.
 o - the cursed ring "Clairvoyant Mistrust" (right hand) {rC++ EV+5 Str+5 Dex-2, Elem, Melee}
   (You took it off a minotaur in a Gauntlet)

   [ring of evasion]

   EV+5:      It affects your evasion (+5).
   Str+5:     It affects your strength (+5).
   Dex-2:     It affects your dexterity (-2).
   rC++:      It greatly protects you from cold.
   It has a curse which improves the following skills: Elements: Fire Magic, Ice
   Magic, Air Magic and Earth Magic.
   Melee Combat: Short Blades, Long Blades, Axes, Maces & Flails, Polearms,
   Staves and Unarmed Combat.
 q - a ring of magical power
 s - a ring of willpower
 t - an amulet of magic regeneration
 x - the macabre finger necklace {Finger+ rN+}
   (You found it in a Gauntlet)

   [amulet of nothing]

   Finger+:   It enables you to equip an extra ring.
   rN+:       It protects you from negative energy.
 H - the ring of Balance {Will- AC+4 Str-5 Int+8 Stlth+}
   (You found it on level 8 of the Dungeon)

   [ring of protection]

   AC+4:      It affects your AC (+4).
   Str-5:     It affects your strength (-5).
   Int+8:     It affects your intelligence (+8).
   Will-:     It decreases your willpower.
   Stlth+:    It makes you more stealthy.
 S - the ring of Jaurafin {Will+ rCorr AC+4 Dex+4 Slay-3}
   (You found it on level 2 of the Lair of Beasts)

   [ring of protection]

   AC+4:      It affects your AC (+4).
   Dex+4:     It affects your dexterity (+4).
   Slay-3:    It affects your accuracy & damage with ranged weapons and melee
   (-3).
   Will+:     It increases your willpower.
   rCorr:     It protects you from acid and corrosion.
 T - a ring of positive energy
Talismans
 R - a talisman of death
Wands
 w - a wand of light (15)
 J - a wand of digging (9)
 P - a wand of paralysis (25)
 W - a wand of polymorph (4)
Scrolls
 g - a scroll of blinking
 j - 2 scrolls of revelation
 p - 4 scrolls of teleportation
 r - 3 scrolls of brand weapon
 v - 2 scrolls of poison
 y - 2 scrolls of immolation
 E - 2 scrolls of amnesia
 K - 2 scrolls of fear
 N - a scroll of enchant weapon
 U - 3 scrolls of fog
 V - 2 scrolls of butterflies
Potions
 c - a potion of berserk rage
 d - 4 potions of brilliance
 h - 3 potions of invisibility
 m - 4 potions of resistance
 u - a potion of attraction
 z - 2 potions of heal wounds
 A - 4 potions of haste
 B - a potion of enlightenment
 D - a potion of might
 F - 3 potions of magic
 I - a potion of lignification
 O - 5 potions of curing
 Z - a potion of cancellation
Miscellaneous
 b - a tin of tremorstones (2/2)


   Skills:
 + Level 11.3(13.7) Fighting
 + Level 10.3(15.0) Short Blades
 + Level 10.3(15.0) Long Blades
 + Level 10.3(15.0) Axes
 + Level 12.1(16.8) Maces & Flails
 + Level 10.3(15.0) Polearms
 + Level 10.3(15.0) Staves
 + Level 10.3(12.7) Ranged Weapons
 + Level 10.3(12.7) Throwing
 + Level 10.3(16.9) Armour
 + Level 11.3(14.8) Dodging
 + Level 10.3(13.9) Stealth
 + Level 10.3(16.9) Shields
 + Level 10.3(15.0) Unarmed Combat
 + Level 11.4(13.8) Spellcasting
 + Level 10.2(12.7) Conjurations
 + Level 8.6 Hexes
 + Level 8.6(12.2) Summonings
 + Level 8.6(12.2) Necromancy
 + Level 8.6 Translocations
 + Level 8.6(12.2) Fire Magic
 + Level 8.6(12.2) Ice Magic
 + Level 8.6(12.2) Air Magic
 + Level 8.6(12.2) Earth Magic
 + Level 8.6(11.1) Alchemy
 + Level 11.2 Invocations
 + Level 10.3(12.7) Evocations
 + Level 9.4(11.9) Shapeshifting


You had 6 spell levels left.
You knew the following spells:

 Your Spells              Type           Power      Damage    Failure   Level
a - Kiss of Death         Conj/Necr      100%       2d13      1%          1
b - Irradiate             Conj/Alch      30%        3d21      1%          5
c - Blink                 Tloc           100%       N/A       1%          2
d - Hailstorm             Conj/Ice       63%        3d12      1%          3
e - Mephitic Cloud        Conj/Alch/Air  62%        N/A       1%          3
f - Freezing Cloud        Conj/Ice/Air   31%        6-21      1%          5
g - Vhi's Electric Charg  Tloc/Air       100%       N/A       1%          4
h - Apportation           Tloc           100%       N/A       1%          1
i - Yara's Violent Unrav  Hex/Alch       28%        3d12      3%          5
j - Permafrost Eruption   Ice/Erth       31%        2x4d7     6%          6

Your spell library contained the following spells:

 Spells                   Type           Power      Damage    Failure   Level
 Magic Dart               Conj           100%       1d8       1%          1
 Necrotise                Necr           100%       1d9       1%          1
 Sandblast                Erth           100%       2d20      1%          1
 Shock                    Conj/Air       100%       1d9       1%          1
 Sting                    Conj/Alch      100%       1d9       1%          1
 Summon Small Mammal      Summ           100%       N/A       1%          1
 Call Imp                 Summ           100%       N/A       1%          2
 Jinxbite                 Hex            100%       N/A       1%          2
 Mercury Vapours          Alch/Air       100%       N/A       1%          2
 Momentum Strike          Conj/Tloc      100%       3d10      1%          2
 Inner Flame              Hex/Fire       57%        N/A       1%          3
 Passwall                 Erth           62%        N/A       1%          3
 Stone Arrow              Conj/Erth      100%       3d13      1%          3
 Summon Ice Beast         Ice/Summ       62%        N/A       1%          3
 Swiftness                Air            62%        N/A       1%          3
 Volatile Blastmotes      Fire/Tloc      100%       2d18      1%          3
 Airstrike                Air            31%        2d(5-21)  1%          4
 Cause Fear               Hex            26%        N/A       1%          4
 Fireball                 Conj/Fire      31%        3d13      1%          5
 Sculpt Simulacrum        Ice/Alch       30%        N/A       8%          6
 Gell's Gavotte           Tloc           26%        2d(23-34) 26%         6
 Enfeeble                 Hex            26%        N/A       83%         7
 Ignition                 Fire           31%        3d10      95%         8
 Dragon's Call            Summ           31%        N/A       100%        9


Dungeon Overview and Level Annotations

Branches:
Dungeon (12/15)            Temple (1/1) D:4            Lair (5/5) D:10
 Shoals (0/4) Lair:3        Snake (0/4) Lair:2        Slime (0/5) Lair:4
    Orc (2/2) D:12            Elf (0/3) Orc:2         IceCv (visited)
Gauntlet (visited)

Altars:
Ashenzari
Cheibriados
Dithmenos
Elyvilon
Fedhas
Gozag
Hepliaklqana
Kikubaaqudgha
Makhleb
Nemelex Xobeh
Okawaru
Qazlal
Ru
Sif Muna
Trog
Uskayaw
Vehumet
Wu Jian
Xom
Yredelemnul
Zin
The Shining One

Shops:
D:7 !(

Annotations:
D:3 2 transporters
D:4 2 transporters, 3 runed translucent doors, GiantSquids's ghost, amateur OpBe
D:9 1 transporter
Lair:4 3 runed translucent doors, Qazery's ghost, journeyman MDFi
Orc:2 1 runed translucent door, Stellion's ghost, journeyman MDFi


Innate Abilities, Weirdness & Mutations

You have very sharp teeth.
Your uncanny sense of smell can sniff out nearby items.
Your experience applies equally to all skills.


Message History

Unknown command.
You hit the orc high priest.
You bite the orc high priest, but do no damage.
You puncture the orc high priest! You hit the orc high priest.
You puncture the orc high priest!
The orc high priest is almost dead.
You puncture the orc high priest!
You kill the orc high priest!
The smoke demon disappears in a puff of smoke!
The orc warrior completely misses you.
The orc knight unwields a +0 great sword.
The orc knight wields a +0 arbalest.
The orc knight shoots a bolt.
The bolt completely misses you.
Unknown command.
An orc priest comes into view. It is wielding a +0 falchion.
Things that are here:
a +0 short sword; a +0 leather armour; an orc corpse You hit the orc knight but do no damage.
You closely miss the orc knight.
You hit the orc knight but do no damage.
You bite the orc knight, but do no damage.
You closely miss the orc knight.
The orc knight unwields a +0 arbalest.
The orc knight wields a +0 great sword.
The orc knight hits you with a +0 great sword!
Unknown command.
As you read the scroll of teleportation, it crumbles to dust.
You feel strangely unstable.
An orc knight comes into view.
It is wielding a +3 bardiche and wearing a +1 chain mail of willpower.
The orc knight closely misses you.
You completely miss the orc knight.
You hit the orc knight but do no damage.
You bite the orc knight, but do no damage.
You hit the orc knight but do no damage.
Your bite misses the orc knight. You hit the orc knight.
Your bite misses the orc knight.
The orc knight is lightly wounded.
The orc warrior hits you with a +0 glaive!
* * * LOW HITPOINT WARNING * * *
The orc knight hits you with a +3 battleaxe!!
You die...

##..# ##...))..))##
### ##..#
#...#)).#)..#
#...###...)))..)).#*
##.###....#.).#....#
### #....).)......#
#....#.).#....# ##
#.ยง..)........# #.
#...o#...#....# ##
##...@o......#* #
#...#o..#...# #
##.........## #
#..#...#..#
##.......##
###.#.### *,..o.*
***.#o##*
**,,,{,,,**


You could see 3 orc knights, an orc warrior (strong) and an orc priest (strong).

Vanquished Creatures
  Gastronok (Orc:1)
  A minotaur (Gauntlet)
  2 fire dragons
  5 hydras
  2 catoblepae (Lair:5)
  An ogre mage (Orc:2)
  3 boulder beetles
  7 two-headed ogres
  Erica (D:10)
  3 orc high priests (Orc:2)
  Urug (D:10)
  Sonja (Orc:1)
  A fire crab (Gauntlet)
  2 skysharks
  4 skeletal warriors (D:11)
  Pikel (D:6)
  A lindwurm (Lair:5)
  A necromancer (Gauntlet)
  2 orc knights (Orc:2)
  An orc sorcerer (Orc:2)
  2 cyclopes (D:12)
  A salamander (Lair:2)
  5 manticores
  Maurice (Orc:1)
  3 molten gargoyles (Lair:5)
  8 black mambas
  2 kobold blastminers (Orc:2)
  11 elephants
  11 cane toads
  3 rime drakes
  A kobold demonologist (D:12)
  12 komodo dragons
  An ice devil (IceCv)
  2 polar bears
  2 trolls (D:12)
  4 hornets
  Prince Ribbit (D:7)
  10 blink frogs
  6 dream sheep (Lair:5)
  15 slime creatures (D:12)
  6 wyverns
  A shadow (D:9)
  A wraith (D:12)
  2 vampires
  4 fire bats (Gauntlet)
  31 yaks
  3 vampire mosquitoes (D:10)
  6 basilisks
  A death yak simulacrum (IceCv)
  3 steam dragons
  2 wargs
  3 nagas (Lair:2)
  4 swamp worms (Lair:2)
  3 acid dragons
  10 water moccasins
  8 hell hounds
  13 orc warriors
  An ice beast (D:5)
  3 sky beasts
  9 ogres
  16 wolves
  5 centaurs
  9 kobold brigands
  9 bullfrogs
  3 scorpions
  4 wights (D:7)
  7 killer bees
  2 howler monkeys
  2 lava snakes (Lair:5)
  A bombardier beetle (D:5)
  A gnoll bouda (D:7)
  A jelly (D:5)
  20 orc priests
  3 hounds
  3 iguanas
  12 orc wizards
  A polar bear simulacrum (IceCv)
  3 naga simulacra (IceCv)
  5 adders
  3 gnolls (D:7)
  A shadow imp (D:7)
  2 white imps
  2 ufetubi (IceCv)
  2 ribbon worms
  2 dart slugs (D:1)
  56 orcs
  6 ball pythons
  4 bats
  6 endoplasms
  6 giant cockroaches
  9 goblins
  12 hobgoblins
  2 jackals
  14 kobolds
  6 quokkas
  2 frilled lizards
  9 rats
507 creatures vanquished.

Notes
Turn   | Place    | Note
-------+----------+-------------------------------------------
     0 | D:1      | Aldia the Gnoll Reaver began the quest for the Orb.
     0 | D:1      | Reached XP level 1. HP: 20/20 MP: 6/6
   195 | D:1      | Reached XP level 2. HP: 24/26 MP: 7/7
   229 | D:1      | Learned a level 2 spell: Momentum Strike
   232 | D:1      | Learned a level 2 spell: Blink
   587 | D:1      | Reached skill level 5 in Spellcasting
   587 | D:1      | Reached XP level 3. HP: 31/31 MP: 7/9
   613 | D:1      | Learned a level 3 spell: Hailstorm
   705 | D:1      | Reached skill level 1 in Invocations
   951 | D:2      | Reached skill level 1 in Short Blades
   951 | D:2      | Reached skill level 1 in Long Blades
   951 | D:2      | Reached skill level 1 in Axes
   951 | D:2      | Reached skill level 1 in Polearms
   951 | D:2      | Reached skill level 1 in Staves
   951 | D:2      | Reached skill level 1 in Ranged Weapons
   951 | D:2      | Reached skill level 1 in Throwing
   951 | D:2      | Reached skill level 1 in Armour
   951 | D:2      | Reached skill level 1 in Stealth
   951 | D:2      | Reached skill level 1 in Shields
   951 | D:2      | Reached skill level 1 in Unarmed Combat
   951 | D:2      | Reached skill level 1 in Evocations
  1008 | D:2      | Reached skill level 1 in Shapeshifting
  1008 | D:2      | Reached XP level 4. HP: 19/38 MP: 6/11
  1642 | D:3      | Reached skill level 1 in Hexes
  1642 | D:3      | Reached skill level 1 in Summonings
  1642 | D:3      | Reached skill level 1 in Necromancy
  1642 | D:3      | Reached skill level 1 in Translocations
  1642 | D:3      | Reached skill level 1 in Fire Magic
  1642 | D:3      | Reached skill level 1 in Ice Magic
  1642 | D:3      | Reached skill level 1 in Air Magic
  1642 | D:3      | Reached skill level 1 in Earth Magic
  1642 | D:3      | Reached skill level 1 in Alchemy
  1692 | D:3      | Found a blossoming altar of Fedhas.
  1725 | D:3      | Upgraded the game from 0.32-a0-995-gb4a59205af to
                  | 0.32-a0-999-gfa1cc04b1d
  1750 | D:3      | Found a transporter.
  1965 | D:3      | Found a transporter.
  2079 | D:3      | Found an ornate altar of the Wu Jian Council.
  2214 | D:3      | Found a sparkling altar of Nemelex Xobeh.
  2408 | D:4      | Noticed an ogre
  2417 | D:4      | Killed an ogre
  2418 | D:4      | Reached XP level 5. HP: 34/43 MP: 6/12
  2504 | D:4      | Noticed an ogre
  2509 | D:4      | Killed an ogre
  2510 | D:4      | Reached skill level 5 in Fighting
  2510 | D:4      | Reached skill level 5 in Dodging
  2510 | D:4      | Reached XP level 6. HP: 36/51 MP: 10/14
  2546 | D:4      | Found a staircase to the Ecumenical Temple.
  2550 | D:4      | Found the +8 pair of quick blades "Gyre" and "Gimble"
                  | {protect}
  2565 | Temple   | Entered the Ecumenical Temple
  2571 | Temple   | Became a worshipper of Ashenzari the Shackled
  2702 | D:4      | Found a transporter.
  2728 | D:4      | Reached skill level 7 in Maces & Flails
  2728 | D:4      | Reached XP level 7. HP: 38/56 MP: 15/15
  3128 | D:4      | Found a transporter.
  3152 | D:4      | Found a runed translucent gate.
  3152 | D:4      | Found a runed translucent gate.
  3154 | D:4      | Found a runed translucent gate.
  3155 | D:4      | Noticed GiantSquids's ghost (amateur OpBe)
  3295 | D:5      | Entered Level 5 of the Dungeon
  3595 | D:5      | Reached XP level 8. HP: 63/63 MP: 16/16
  3876 | D:5      | Found a glowing golden altar of the Shining One.
  4116 | D:6      | Reached * piety under Ashenzari
  4116 | D:6      | Reached ** piety under Ashenzari
  4163 | D:6      | Learned a level 3 spell: Mephitic Cloud
  4416 | D:6      | Learned a level 5 spell: Irradiate
  4422 | D:6      | Learned a level 5 spell: Freezing Cloud
  4768 | D:7      | Noticed Pikel
  4773 | D:6      | Killed Pikel
  4794 | D:7      | Reached XP level 9. HP: 69/69 MP: 18/18
  4847 | D:7      | Found Yphifat's Antique Weapon Shoppe.
  4927 | D:7      | Noticed Prince Ribbit
  4935 | D:7      | Killed Prince Ribbit
  5006 | D:7      | Identified a scroll of acquirement
  5015 | D:7      | Acquired the ring "Qoevyd Posma" {rPois rF++ Int+6 Slay-2
                  | Stlth+}
  5146 | D:7      | Reached skill level 8 in Maces & Flails
  5148 | D:7      | Found Mubuz's Distillery.
  5155 | D:7      | Bought a potion of might for 44 gold pieces
  5155 | D:7      | Bought 2 potions of brilliance for 88 gold pieces
  5303 | D:7      | Reached *** piety under Ashenzari
  5348 | D:7      | Reached skill level 5 in Invocations
  5621 | D:8      | Identified the ring of Balance {Will- AC+4 Str-5 Int+8
                  | Stlth+}
  5641 | D:8      | Found a radiant altar of Vehumet.
  5643 | D:8      | Noticed a two-headed ogre
  5648 | D:8      | Killed a two-headed ogre
  5649 | D:8      | Reached skill level 5 in Short Blades
  5649 | D:8      | Reached skill level 5 in Long Blades
  5649 | D:8      | Reached skill level 5 in Axes
  5649 | D:8      | Reached skill level 5 in Polearms
  5649 | D:8      | Reached skill level 5 in Staves
  5649 | D:8      | Reached skill level 5 in Ranged Weapons
  5649 | D:8      | Reached skill level 5 in Throwing
  5649 | D:8      | Reached skill level 5 in Armour
  5649 | D:8      | Reached skill level 5 in Stealth
  5649 | D:8      | Reached skill level 5 in Shields
  5649 | D:8      | Reached skill level 5 in Unarmed Combat
  5649 | D:8      | Reached skill level 5 in Evocations
  5649 | D:8      | Reached XP level 10. HP: 67/77 MP: 20/20
  5674 | D:8      | Learned a level 4 spell: Vhi's Electric Charge
  5742 | D:8      | Found a stormy altar of Qazlal.
  5875 | D:8      | Identified the +6 long sword "Kaump" {flame, Int+5}
  6065 | D:8      | Found an iron altar of Okawaru.
  6065 | D:8      | Found a bloodstained altar of Trog.
  6067 | D:8      | Reached **** piety under Ashenzari
  6742 | D:9      | Reached skill level 5 in Shapeshifting
  6814 | D:9      | Noticed a manticore
  6817 | D:9      | Killed a manticore
  6838 | D:9      | Found a transporter.
  7288 | D:9      | Found a burning altar of Makhleb.
  7288 | D:9      | Noticed an Executioner
  7343 | D:10     | Entered Level 10 of the Dungeon
  7438 | D:10     | Reached ***** piety under Ashenzari
  7446 | D:10     | Reached skill level 9 in Maces & Flails
  7559 | D:10     | Found a hazy altar of Hepliaklqana.
  7560 | D:10     | Found a shimmering altar of Xom.
  7561 | D:10     | Noticed a spectral ugly thing
  7690 | D:10     | Reached skill level 5 in Hexes
  7690 | D:10     | Reached skill level 5 in Summonings
  7690 | D:10     | Reached skill level 5 in Necromancy
  7690 | D:10     | Reached skill level 5 in Translocations
  7690 | D:10     | Reached skill level 5 in Fire Magic
  7690 | D:10     | Reached skill level 5 in Ice Magic
  7690 | D:10     | Reached skill level 5 in Air Magic
  7690 | D:10     | Reached skill level 5 in Earth Magic
  7690 | D:10     | Reached skill level 5 in Alchemy
  7690 | D:10     | Reached XP level 11. HP: 90/90 MP: 25/25
  7737 | D:10     | Found a staircase to the Lair.
  7869 | D:10     | Noticed Urug
  7878 | D:10     | Killed Urug
  7932 | D:10     | Noticed Erica
  7940 | D:10     | Killed Erica
  8061 | Lair:1   | Entered Level 1 of the Lair of Beasts
  8155 | Lair:1   | Found a frozen archway.
  8159 | IceCv    | Entered an ice cave
  8418 | Lair:1   | Noticed a boulder beetle
  8438 | Lair:1   | Killed a boulder beetle
  8812 | Lair:1   | Reached XP level 12. HP: 98/99 MP: 25/27
  9319 | Lair:2   | Noticed a skyshark
  9331 | Lair:2   | Killed a skyshark
  9332 | Lair:2   | Reached skill level 10 in Maces & Flails
  9906 | Lair:2   | Found a glowing silver altar of Zin.
  9917 | Lair:2   | Found a transporter.
  9940 | Lair:2   | Found a transporter.
  9941 | Lair:2   | Identified the ring of Jaurafin {Will+ rCorr AC+4 Dex+4
                  | Slay-3}
 10471 | Lair:2   | Found a staircase to the Snake Pit.
 10744 | Lair:3   | Identified the +10 flail of Fedhas's Supremacy {freeze,
                  | Will++ Str-5 Dex+3}
 10828 | Lair:3   | Noticed an eight-headed hydra
 10834 | Lair:3   | Killed an eight-headed hydra
 10848 | Lair:3   | Reached XP level 13. HP: 85/106 MP: 20/28
 11007 | Lair:3   | Found a staircase to the Shoals.
 11965 | Lair:4   | Noticed a minotaur
 11968 | Lair:4   | Noticed Qazery's ghost (journeyman MDFi)
 11990 | Lair:4   | Found a runed translucent gate.
 11990 | Lair:4   | Found a runed translucent gate.
 11990 | Lair:4   | Found a runed translucent gate.
 12180 | Lair:4   | Identified the -1 pair of boots of the Evening Star {rF-
                  | rC- Str+6 Dex+9}
 12192 | Lair:4   | Found a staircase to the Slime Pits.
 12287 | Lair:4   | Reached skill level 10 in Spellcasting
 12612 | Lair:5   | Entered Level 5 of the Lair of Beasts
 12876 | Lair:5   | Reached skill level 10 in Fighting
 12876 | Lair:5   | Reached skill level 11 in Maces & Flails
 12876 | Lair:5   | Reached skill level 10 in Dodging
 13501 | Lair:5   | Reached skill level 10 in Invocations
 13501 | Lair:5   | Reached XP level 14. HP: 108/116 MP: 27/30
 13794 | Lair:5   | Found a large runed translucent door.
 13794 | Lair:5   | Found a large runed translucent door.
 14242 | D:11     | Found a gate leading to a gauntlet.
 14251 | Gauntlet | Entered a Gauntlet
 14251 | Gauntlet | Found a transporter.
 14251 | Gauntlet | Found a transporter.
 14255 | Gauntlet | Found a transporter.
 14255 | Gauntlet | Found a transporter.
 14263 | Gauntlet | Found a transporter.
 14267 | Gauntlet | Found a large runed translucent door.
 14276 | Gauntlet | Found a transporter.
 14285 | Gauntlet | Identified the +1 ring mail "Xuocimm" {rCorr}
 14286 | Gauntlet | Found a transporter.
 14286 | Gauntlet | Found a transporter.
 14290 | Gauntlet | Found a transporter.
 14295 | Gauntlet | Identified the -1 helmet "Zuattisod" {Regen+ Int+2 SInv
                  | Stlth-}
 14295 | Gauntlet | Found the macabre finger necklace {Finger+ rN+}
 14317 | Gauntlet | Found a transporter.
 14324 | Gauntlet | Found a transporter.
 14380 | Gauntlet | Found a transporter.
 14382 | Gauntlet | Found a large runed translucent door.
 14382 | Gauntlet | Found a large runed translucent door.
 14383 | Gauntlet | Found a large runed translucent door.
 14383 | Gauntlet | Found a large runed translucent door.
 14384 | Gauntlet | Found a large runed translucent door.
 14384 | Gauntlet | Found a runed translucent door.
 14384 | Gauntlet | Found a runed translucent door.
 14384 | Gauntlet | Found a large runed translucent door.
 14384 | Gauntlet | Found a large runed translucent door.
 14385 | Gauntlet | Found a large runed translucent door.
 14385 | Gauntlet | Found a large runed translucent door.
 14388 | Gauntlet | Found a large runed translucent door.
 14388 | Gauntlet | Found a large runed translucent door.
 14390 | Gauntlet | Found a large runed translucent door.
 14390 | Gauntlet | Found a large runed translucent door.
 14390 | Gauntlet | Found a large runed translucent door.
 14392 | Gauntlet | Found a runed translucent gate.
 14392 | Gauntlet | Found a runed translucent gate.
 14392 | Gauntlet | Found a runed translucent gate.
 14394 | Gauntlet | Found a transporter.
 14405 | Gauntlet | Found a large runed translucent door.
 14484 | Gauntlet | Found a transporter.
 14494 | Gauntlet | Found a transporter.
 14510 | Gauntlet | Found a transporter.
 14738 | Gauntlet | Identified the +7 shortbow "Nunlotof" {freeze, +Blink Fly
                  | rF+++ Str-3}
 14738 | Gauntlet | Identified the staff of Infection {rC+ rCorr Ice}
 14738 | Gauntlet | Identified the +0 chain mail of the Black Moon {Will++ MP+9
                  | Dex-3 Stlth+}
 14738 | Gauntlet | Identified the ring "Tehonokh" {rC++ EV+5 Str+5 Dex-2}
 15162 | D:10     | Learned a level 1 spell: Apportation
 15168 | D:10     | Learned a level 5 spell: Yara's Violent Unravelling
 15175 | D:10     | Learned a level 6 spell: Permafrost Eruption
 15938 | D:12     | Found a staircase to the Orcish Mines.
 16318 | D:12     | Reached skill level 10 in Conjurations
 16884 | Orc:1    | Entered Level 1 of the Orcish Mines
 16884 | Orc:1    | Noticed Gastronok
 16885 | Orc:1    | Noticed Sonja
 16895 | Orc:1    | Killed Sonja
 16899 | Orc:1    | Killed Gastronok
 16900 | Orc:1    | Reached skill level 10 in Short Blades
 16900 | Orc:1    | Reached skill level 10 in Long Blades
 16900 | Orc:1    | Reached skill level 10 in Axes
 16900 | Orc:1    | Reached skill level 10 in Polearms
 16900 | Orc:1    | Reached skill level 10 in Staves
 16900 | Orc:1    | Reached skill level 10 in Ranged Weapons
 16900 | Orc:1    | Reached skill level 10 in Throwing
 16900 | Orc:1    | Reached skill level 10 in Armour
 16900 | Orc:1    | Reached skill level 10 in Stealth
 16900 | Orc:1    | Reached skill level 10 in Shields
 16900 | Orc:1    | Reached skill level 10 in Unarmed Combat
 16900 | Orc:1    | Reached skill level 10 in Evocations
 17002 | Orc:1    | Noticed Maurice
 17011 | Orc:1    | Killed Maurice
 17090 | Orc:2    | Entered Level 2 of the Orcish Mines
 17097 | Orc:2    | Reached XP level 15. HP: 113/124 MP: 10/32
 17100 | Orc:1    | Reached skill level 12 in Maces & Flails
 17275 | Orc:2    | Found a staircase to the Elven Halls.
 17312 | Orc:2    | Reached ****** piety under Ashenzari
 17427 | Orc:2    | Found a runed translucent door.
 17428 | Orc:2    | Noticed Stellion's ghost (journeyman MDFi)
 17737 | Orc:2    | Slain by an orc knight

Illustrated notes

Levels and vault maps discovered:
D:1:      elethiomel_arrival_quiet, layout_loops_cross
D:2:      layout_rooms, serial_corexii_hall, corexii_hall_statues_s,
          corexii_hall_statues_t, minmay_statues_item, grunt_decor_junction,
          nicolae_kite_square_tiling_tiny
D:3:      gammafunk_steamed_eel, layout_basic, nemelex_diamond_rough_becter,
          nzn_wu_jian_contemplation, mainiacjoe_overflow_alcove_4
D:4:      gammafunk_cloud_chamber, layout_loops_ring, minmay_temple_entry_grid,
          ebering_ghost_rock_garden, minmay_starry_boxes
D:5:      layout_basic, tso_oasis_becter, hangedman_decor_peaks_small,
          mrwooster_statue_mirror, due_unseen_surprise
D:6:      layout_basic
D:7:      layout_basic, serial_shops, nicolae_shop_pleasant_corner_grove,
          nicolae_shop_tiny_glass, lemuel_flamethrower_1, uniq_pikel,
          uniq_prince_ribbit1
D:8:      layout_loops_corners, nicolae_qazlal_beasts_of_the_sky,
          vehumet_altar_wand_db, gammafunk_temple_overflow_elements
D:9:      layout_roguey, makhleb_altar_promises_db, nicolae_diode_basic
D:10:     layout_long_grid, regret_index_temple_of_mockery, lair_entry_dummy,
          uniq_erica, uniq_urug
D:11:     layout_basic, gauntlet_entry_generic
D:12:     layout_long_grid, erik_orc_3
Temple:   minmay_freezing_vapour_temple
Lair:1:   layout_regular_city, portal_ice_cave_entry_pillars_2
Lair:2:   gammafunk_worm_tunnel, layout_layer_cave, alex1729_snake_entry_snake,
          basic_altar, grunt_megastairs_2, infiniplex_staircase_pool_2
Lair:3:   layout_gridlike, minmay_shoals_entry_beasts
Lair:4:   layout_cave_pods, dpeg_slime_entry_enclosed,
          maelrawn_ghost_gauntlet_escape, st_stairs_6
Lair:5:   cheibrodos_lair_end_hotspot, layout_cave_pods, columned_hall_lemuel
Orc:1:    layout_caves, uniq_maurice, uniq_sonja, uniq_gastronok
Orc:2:    st_orc_pillars, layout_diamond_mine, gammafunk_ghost_grave

Skill      XL: |  1  2  3  4  5  6  7  8  9 10 11 12 13 14 15 |
---------------+----------------------------------------------+-----
Spellcasting   | 5 6 7 8 9 10 11 | 11.4
Invocations    | 1 2 3 4 5 6 7 8 10 11 | 11.2
Short Blades   | 1 2 3 5 6 7 8 9 10 | 10.3
Long Blades    | 1 2 3 5 6 7 8 9 10 | 10.3
Axes           | 1 2 3 5 6 7 8 9 10 | 10.3
Polearms       | 1 2 3 5 6 7 8 9 10 | 10.3
Staves         | 1 2 3 5 6 7 8 9 10 | 10.3
Ranged Weapons | 1 2 3 5 6 7 8 9 10 | 10.3
Throwing       | 1 2 3 5 6 7 8 9 10 | 10.3
Armour         | 1 2 3 5 6 7 8 9 10 | 10.3
Stealth        | 1 2 3 5 6 7 8 9 10 | 10.3
Shields        | 1 2 3 5 6 7 8 9 10 | 10.3
Unarmed Combat | 1 2 3 5 6 7 8 9 10 | 10.3
Evocations     | 1 2 3 5 6 7 8 9 10 | 10.3
Shapeshifting  | 1 2 3 4 5 6 7 8 9 |  9.4
Hexes          | 1 2 3 4 5 6 7 8 |  8.6
Summonings     | 1 2 3 4 5 6 7 8 |  8.6
Necromancy     | 1 2 3 4 5 6 7 8 |  8.6
Translocations | 1 2 3 4 5 6 7 8 |  8.6
Fire Magic     | 1 2 3 4 5 6 7 8 |  8.6
Ice Magic      | 1 2 3 4 5 6 7 8 |  8.6
Air Magic      | 1 2 3 4 5 6 7 8 |  8.6
Earth Magic    | 1 2 3 4 5 6 7 8 |  8.6
Alchemy        | 1 2 3 4 5 6 7 8 |  8.6
Fighting       | 5 6 7 8 9 10 11 | 11.3
Dodging        | 5 6 7 8 9 10 11 | 11.3
Maces & Flails | 7 8 9 10 11 12 | 12.1
Conjurations   | 6 7 8 9 10 | 10.2

Action                     |  1- 3 |  4- 6 |  7- 9 | 10-12 | 13-15 || total
---------------------------+-------+-------+-------+-------+-------++-------
  Melee: Whip              |    55 |       |       |       |       ||    55
         Bite              |     9 |    14 |    37 |   202 |   405 ||   667
         Mace              |    67 |   109 |       |       |       ||   176
         Flail             |       |     3 |       |       |       ||     3
         Pair of quick bla |       |    31 |   352 |  1481 |  2491 ||  4355
   Cast: Momentum Strike   |     5 |     3 |       |       |       ||     8
         Kiss of Death     |       |     2 |       |       |       ||     2
         Hailstorm         |       |       |       |     9 |     3 ||    12
         Irradiate         |       |       |       |     5 |    18 ||    23
         Freezing Cloud    |       |       |       |     3 |     1 ||     4
         Mephitic Cloud    |       |       |       |     1 |     4 ||     5
         Vhi's Electric Ch |       |       |       |     1 |     3 ||     4
         Permafrost Erupti |       |       |       |       |     6 ||     6
         Yara's Violent Un |       |       |       |       |     1 ||     1
 Invoke: Curse Item        |       |       |     4 |     4 |     2 ||    10
         Shatter the Chain |       |       |       |       |     1 ||     1
  Evoke: Wand              |       |       |       |     1 |     2 ||     3
         Tin of tremorston |       |       |       |       |     1 ||     1
    Use: Scroll            |       |     4 |     6 |     1 |     4 ||    15
         Potion            |       |       |       |       |     3 ||     3
   Stab: Sleeping          |       |     1 |     4 |     9 |    17 ||    31
         Distracted        |       |       |       |     1 |     2 ||     3
         Confused          |       |       |       |       |    10 ||    10
         Invisible         |       |       |       |       |     1 ||     1
 Armour: Leather armour    |    85 |    68 |    14 |       |       ||   167
         Scale mail        |       |       |    62 |       |       ||    62
         Ring mail         |       |       |     2 |   287 |   489 ||   778
  Dodge: Dodged            |   107 |    72 |    56 |   241 |   579 ||  1055

Table legend: (Time is in decaauts)
 A = Elapsed time spent in this place.
 B = Non-inter-level travel time spent in this place.
 C = Inter-level travel time spent in this place.
 D = Time resting spent in this place.
 E = Time spent auto-exploring this place.
 F = Levels seen in this place.
 G = Mean time per level.
                   A        B        C        D        E       F      G
               +--------+--------+--------+--------+--------+-----+--------+
         Total |  17334 |  15955 |   1379 |    228 |  12236 |  22 |  787.9 |
       Dungeon |  10165 |   9227 |    938 |     52 |   7319 |  12 |  847.1 |
        Temple |     11 |      3 |      8 |      0 |      0 |   1 |   11.0 |
          Lair |   5717 |   5298 |    419 |     49 |   4128 |   5 | 1143.4 |
  Orcish Mines |    780 |    767 |     13 |     92 |    471 |   2 |  390.0 |
      Ice Cave |    106 |    106 |      0 |     35 |      0 |   1 |  106.0 |
      Gauntlet |    553 |    553 |      0 |      0 |    317 |   1 |  553.0 |
               +--------+--------+--------+--------+--------+-----+--------+

Top non-repeatable levels by time:
  Lair:2: 1446 daAuts
  Lair:5: 1254 daAuts
  Lair:4: 1043 daAuts
  Lair:1: 1032 daAuts
     D:8: 1015 daAuts
    D:12: 956 daAuts
    D:11: 953 daAuts
    D:10: 940 daAuts
  Lair:3: 940 daAuts
     D:4: 902 daAuts
     D:1: 892 daAuts
     D:6: 864 daAuts
     D:3: 785 daAuts
     D:7: 768 daAuts
     D:5: 762 daAuts
